 Dungeon Crawl Stone Soup version 0.29.1-12-g30fa7ad0bf (webtiles) character file.

Game seed: 10276919178293756869

137 styxcanada the Sneak (level 5, -2/26 HPs)
             Began as a Spriggan Brigand on Dec 26, 2022.
             Slain by an adder (4 damage)
             ... on level 3 of the Dungeon.
             The game lasted 00:09:05 (2705 turns).

styxcanada the Sneak (Spriggan Brigand)             Turns: 2705, Time: 00:09:05

Health: -2/26      AC:  3    Str:  7    XL:     5   Next: 0%
Magic:  8/8        EV: 18    Int: 12    God:
Gold:   73         SH:  0    Dex: 25    Spells: 3/6 levels left

rFire   . . .      SeeInvis +   a - +2 dagger
rCold   . . .      Faith    .   (no shield)
rNeg    . . .      Spirit   .   b - +0 robe
rPois   .          Reflect  .   (helmet restricted)
rElec   .          Harm     .   c - +0 cloak
rCorr   .          Rampage  .   (gloves unavailable)
Will    .....                   (boots unavailable)
Stlth   ++++......              (no amulet)
HPRegen 0.08/turn               f - +6 ring of dexterity
MPRegen 0.11/turn               (no ring)

@: mighty, very quick
A: very small, no large weapons, unfitting armour, see invisible, speed 3
a: no special abilities


You were on level 3 of the Dungeon.
You visited 1 branch of the dungeon, and saw 4 of its levels.

You collected 73 gold pieces.

Inventory:

Hand Weapons
 a - a +2 dagger (weapon)
 k - a +3 mace
Missiles
 d - 6 poisoned darts (quivered)
 e - 3 curare-tipped darts
 h - 10 stones
Armour
 b - a +0 robe (worn)
 c - a +0 cloak (worn)
Jewellery
 f - a +6 ring of dexterity (left hand)
Scrolls
 n - 2 scrolls of butterflies {unknown}
Potions
 i - a potion of invisibility {unknown}
 l - a potion of flight {unknown}
 m - a potion of haste {unknown}


   Skills:
 * Level 2.0 Fighting
 + Level 2.8 Short Blades
 + Level 2.3 Throwing
 * Level 2.3 Dodging
 * Level 7.6 Stealth
 * Level 1.4 Spellcasting
 * Level 0.8 Summonings


You had 3 spell levels left.
You knew the following spells:

 Your Spells              Type           Power      Damage    Failure   Level
a - Call Canine Familiar  Summ           2%         N/A       52%         3

Your spell library contained the following spells:

 Spells                   Type           Power      Damage    Failure   Level
 Portal Projectile        Hex/Tloc       0%         N/A       65%         3
 Leda's Liquefaction      Hex/Erth       0%         N/A       96%         4


Dungeon Overview and Level Annotations

Branches:
Dungeon (4/15)
 Temple: D:4-7

Altars:
Dithmenos


Innate Abilities, Weirdness & Mutations

You are very small and have problems with some larger weapons.
You are too small for most types of armour.
You have supernaturally acute eyesight. (SInv)
You cover ground extremely quickly. (Speed+++)


Message History

Non-targeted confused throw: 7 darts (poison)
Press: ? - help, Q - select action, (/) - cycle Dir - look around, f - activate You throw a poisoned dart.
The orc wizard gestures wildly while chanting.
The orc wizard flickers and vanishes for a moment.
An adder comes into view.
The adder hisses angrily.
The orc wizard barely misses you.
The orc wizard gestures at you while chanting.
You easily resist.
The orc wizard gestures at you while chanting.
The puff of flame hits you.
You feel less confused.
You hit the orc wizard but do no damage.
The orc wizard is heavily wounded.
The orc wizard closely misses you.
You hit the orc wizard.
The orc wizard is heavily wounded.
The orc wizard looks more healthy.
The orc wizard completely misses you.
You feel very mighty all of a sudden.
The orc wizard gestures at you while chanting.
The magic dart hits you! The adder closely misses you.
You closely miss the orc wizard.
The orc wizard is heavily wounded.
The adder misses you.
The orc wizard gestures at you while chanting.
The magic dart hits you.
* * * LOW HITPOINT WARNING * * *
You puncture the adder!
The adder is almost dead.
The adder barely misses you. The orc wizard closely misses you.
You feel better. The adder bites you.
* * * LOW HITPOINT WARNING * * *
The orc wizard hits you with a +0 dagger of speed.
* * * LOW HITPOINT WARNING * * *
The adder bites you but does no damage.
You barely miss the orc wizard.
The orc wizard is heavily wounded.
The orc wizard misses you. The adder bites you.
You die...

#....# #......|. #....#
#........ +....#
#........ ##....#
#######.# ..†...####
########### #.#
†...)..((####(.$......#
#>#
########.(.......^....#
#.#
......'((..(..).)....#
#.#
#######.......o@.....#
#.# #.###...S......#
#.# #'# #....(.....#
#.# ... #..........#
###.# #... #..........#
#...# #..( #.....$....#
###.# #(......<..# #.#
#.########## #.# #..
#.#


You could see an orc wizard (invisible) and an adder.

Vanquished Creatures
  2 orc wizards (D:3)
  2 adders
  A dart slug (D:3)
  6 orcs (D:3)
  6 endoplasms
  2 giant cockroaches
  3 goblins
  5 hobgoblins
  2 jackals (D:2)
  4 kobolds
  4 quokkas (D:1)
  2 ball pythons
  9 bats
  3 frilled lizards
  7 rats
58 creatures vanquished.

Notes
Turn   | Place    | Note
-------+----------+-------------------------------------------
     0 | D:1      | styxcanada the Spriggan Brigand began the quest for the
                  | Orb.
     0 | D:1      | Reached XP level 1. HP: 10/10 MP: 2/2
   150 | D:1      | Reached skill level 6 in Stealth
   315 | D:1      | Reached XP level 2. HP: 14/14 MP: 3/3
   954 | D:1      | Reached XP level 3. HP: 18/18 MP: 4/4
  1297 | D:2      | Learned a level 3 spell: Call Canine Familiar
  1627 | D:2      | Reached skill level 7 in Stealth
  1881 | D:2      | Reached skill level 1 in Spellcasting
  1951 | D:2      | Found a shadowy altar of Dithmenos.
  2131 | D:3      | Reached XP level 4. HP: 23/23 MP: 6/6
  2275 | D:3      | You fall into a shaft and drop 1 floor!
  2681 | D:3      | Reached XP level 5. HP: 19/26 MP: 8/8
  2704 | D:3      | HP: 1/26 [orc wizard/+0 dagger of speed (3)]
  2705 | D:3      | Slain by an adder

Illustrated notes

Levels and vault maps discovered:
D:1:      dpeg_arrival_tiny_a, layout_basic
D:2:      layout_basic, basic_altar
D:3:      wander_river, layout_basic, serial_shops, nicolae_lakefront_shop
D:4:      layout_basic, minmay_temple_entry_sparse_star, minmay_ruined_shrine

Skill      XL: |  1  2  3  4 |
---------------+-------------+-----
Stealth        | 6 7 |  7.6
Dodging        | 2 |  2.3
Spellcasting   | 1 |  1.4
Fighting       | 2 |  2.0
Short Blades   | |  2.8
Throwing       | |  2.3
Summonings     | |  0.8

Action                   |  1- 3 |  4- 6 || total
-------------------------+-------+-------++-------
Melee: Dagger            |    92 |    60 ||   152
       Punch             |     2 |       ||     2
Throw: Dart              |    13 |    20 ||    33
  Use: Scroll            |     2 |       ||     2
       Potion            |       |     3 ||     3
 Stab: Sleeping          |    12 |     4 ||    16
Armor: Robe              |     9 |    14 ||    23
Dodge: Dodged            |    66 |    60 ||   126
